 Dungeon Crawl Stone Soup version 0.28.0-43-g3370ac3207 (webtiles) character file.

Game seed: 11023334860442390520

133 sanboga the Covered (level 5, -3/33 HPs)
             Began as a Gargoyle Fighter on Mar 15, 2022.
             Slain by an orc
             ... wielding a +0 trident
              (4 damage)
             ... on level 4 of the Dungeon.
             The game lasted 00:05:40 (3144 turns).

sanboga the Covered (Gargoyle Fighter)              Turns: 3144, Time: 00:05:40

Health: -3/33      AC: 13    Str: 21    XL:     5   Next: 16%
Magic:  5/5        EV:  9    Int:  9    God:
Gold:   13         SH:  4    Dex:  9    Spells: 4/4 levels left

rFire   . . .      SeeInvis .   a - +0 war axe
rCold   . . .      Faith    .   c - +0 buckler
rNeg    + . .      Spirit   .   b - +0 scale mail
rPois   ∞          Reflect  .   i - +0 helmet
rElec   +          Harm     .   (no cloak)
rCorr   .          Rampage  .   (no gloves)
Will    .....                   g - +0 pair of boots
Stlth   ..........              (no amulet)
HPRegen 0.11/turn               (no ring)
MPRegen 0.09/turn               (no ring)

@: mighty
A: sickness immunity, AC +4, negative energy resistance 1, electricity
resistance, torment resistance 1, petrification resistance
a: no special abilities


You were on level 4 of the Dungeon.
You visited 1 branch of the dungeon, and saw 4 of its levels.

You collected 201 gold pieces.
You spent 188 gold pieces at shops.

Inventory:

Hand Weapons
 a - a +0 war axe (weapon)
Armour
 b - a +0 scale mail (worn)
 c - a +0 buckler (worn)
 g - a +0 pair of boots (worn)
 i - a +0 helmet (worn)
Jewellery
 t - a ring of fire
Wands
 d - a wand of flame (22)
 r - a wand of acid (13)
Scrolls
 e - a scroll of fog {unknown}
 k - 2 scrolls of holy word {unknown}
 l - a scroll of magic mapping {unknown}
 n - a scroll of enchant armour
 o - a scroll of noise {unknown}
 p - a scroll of torment {unknown}
 u - 2 scrolls of teleportation {unknown}
Potions
 f - 3 potions of curing
 j - a potion of flight
 m - a potion of lignification {unknown}
 q - a potion of might


   Skills:
 + Level 4.0 Fighting
 * Level 3.2 Axes
 + Level 4.0 Armour
 + Level 4.0 Shields


You had 4 spell levels left.
You didn't know any spells.
Your spell library was empty.

Dungeon Overview and Level Annotations

Branches:
Dungeon (4/15)
 Temple: D:4-7

Altars:
Gozag
Kikubaaqudgha
Okawaru
Ru
Sif Muna
Wu Jian

Shops:
D:2 *=*?   D:3 ?   D:4 *


Innate Abilities, Weirdness & Mutations

You are immune to sickness and miasma.
Your stone body is resilient. (AC +4)
You are immune to poison.
You resist negative energy. (rN+)
You are resistant to electric shocks. (rElec)
You are resistant to unholy torment.
You are immune to petrification.


Message History

The orc closely misses you.
You feel very mighty all of a sudden. The black bear barely misses you.
The black bear claws you but does no damage.
You block the black bear's attack. The orc barely misses you.
You feel better. You block the black bear's attack.
The black bear claws you but does no damage.
You block the black bear's attack. The orc barely misses you.
You closely miss the black bear.
The black bear is lightly wounded.
The black bear bites you but does no damage.
You block the black bear's attack. x2
The orc hits you from afar with a +0 trident.
The black bear bites you but does no damage.
The black bear claws you but does no damage. x2
You slice the black bear!!
The black bear is severely wounded.
The orc hits you from afar with a +0 trident.
The black bear barely misses you.
The black bear claws you but does no damage.
The black bear claws you.
You closely miss the black bear.
The black bear is severely wounded.
You block the orc's attack. The black bear bites you.
The black bear claws you but does no damage.
The black bear closely misses you. The orc barely misses you.
You barely miss the black bear.
The black bear is severely wounded.
The black bear bites you but does no damage.
The black bear misses you.
The black bear claws you but does no damage.
The orc barely misses you. You block the black bear's attack. x3
You slash the black bear!
You kill the black bear!
The orc hits you from afar with a +0 trident.
* * * LOW HITPOINT WARNING * * *
The orc hits you with a +0 war axe!
* * * LOW HITPOINT WARNING * * *
The orc hits you from afar with a +0 trident.
You die...

....###### .......#
#.....# #.....#####
#...)...... #...†......
##### ###'##.....
#....o##########.##.....
#....oo@.........##.....
#....############.......
#.. #....### # #....#
#....# #....# #.(..#
###'#### #.....


You could see 3 orcs.

Vanquished Creatures
  A black bear (D:4)
  Robin (D:2)
  4 adders
  2 worms
  A dart slug (D:3)
  An orc (D:3)
  2 bats
  6 endoplasms
  4 giant cockroaches
  14 goblins
  9 hobgoblins
  7 jackals (D:3)
  8 ball pythons
  4 frilled lizards
  2 kobolds
  6 rats
72 creatures vanquished.

Notes
Turn   | Place    | Note
-------+----------+-------------------------------------------
     0 | D:1      | sanboga the Gargoyle Fighter began the quest for the Orb.
     0 | D:1      | Reached XP level 1. HP: 14/14 MP: 1/1
   412 | D:1      | Found a faded altar of an unknown god.
   491 | D:1      | Reached XP level 2. HP: 18/19 MP: 2/2
  1187 | D:2      | Found Joacigri's Magic Scroll Boutique.
  1200 | D:2      | Bought a scroll of enchant armour for 75 gold pieces
  1203 | D:2      | Found a sacrificial altar of Ru.
  1225 | D:2      | Bought a scroll of identify for 20 gold pieces
  1319 | D:2      | Reached XP level 3. HP: 23/23 MP: 3/3
  1325 | D:2      | Noticed Robin
  1336 | D:2      | Killed Robin
  1337 | D:2      | Reached XP level 4. HP: 17/29 MP: 4/4
  1481 | D:2      | Found Puask's General Store.
  1516 | D:2      | Found Irirec's General Store.
  1612 | D:2      | Found Byclag's Jewellery Shop.
  1960 | D:3      | Found Qydats Zoreg's Magic Scroll Shoppe.
  2090 | D:2      | Bought a +0 pair of boots for 49 gold pieces
  2656 | D:3      | Found an ornate altar of the Wu Jian Council.
  2661 | D:3      | Found an opulent altar of Gozag.
  2664 | D:3      | Found an iron altar of Okawaru.
  2664 | D:3      | Found a shimmering blue altar of Sif Muna.
  2671 | D:3      | Found an ancient bone altar of Kikubaaqudgha.
  2677 | D:3      | Reached XP level 5. HP: 33/33 MP: 5/5
  2938 | D:4      | Found Vyjargh's Assorted Antiques.
  2944 | D:4      | Bought a scroll labelled HURUEL YLUN for 22 gold pieces
  3039 | D:4      | Bought a scroll labelled ONAUTW YDE QAO for 22 gold pieces
  3128 | D:4      | Noticed a black bear
  3144 | D:4      | Killed a black bear
  3144 | D:4      | HP: 1/33 [orc/+0 war axe (7)]
  3144 | D:4      | Slain by an orc

Illustrated notes

Levels and vault maps discovered:
D:1:      evilmike_arrival_hilbert_curve, layout_basic,
          dreamdust_ecumenical_altar_statues, minivault_19
D:2:      layout_rooms, serial_shops, nicolae_diamond_shop, shop,
          nicolae_shop_temple_entry_statues_fountains,
          nicolae_shop_hallway_plus, basic_altar, uniq_robin
D:3:      layout_basic, nicolae_overflow_hallway_of_the_gods, serial_shops,
          shop, minmay_starry_boxes
D:4:      layout_basic, serial_shops, shop_statue, uniq_menkaure

Skill      XL: |  1  2  3  4 |
---------------+-------------+-----
Axes           | 2 3 |  3.2
Armour         | 4 |  4.0
Shields        | 4 |  4.0
Fighting       | 4 |  4.0

Action                   |  1- 3 |  4- 6 || total
-------------------------+-------+-------++-------
Melee: War axe           |    59 |   124 ||   183
  Use: Scroll            |     2 |     2 ||     4
       Potion            |     1 |     2 ||     3
Armor: Scale mail        |    44 |   104 ||   148
Dodge: Dodged            |    44 |    94 ||   138
Block: Buckler           |    13 |    44 ||    57
